[Event "EYCC Open-U16 2019"]
[Site "Bratislava"]
[Date "2019.08.07"]
[Round "6.20"]
[White "Kazmin, Semen"]
[Black "Fecker, Noah"]
[Result "1-0"]
[ECO "B47"]
[WhiteElo "2193"]
[BlackElo "2313"]
[Annotator "NA"]
[PlyCount "57"]
[EventDate "2019.08.02"]
[EventType "swiss"]
[EventCountry "SVK"]
[SourceTitle "playchess.com"]
[Source "ChessBase"]
[SourceQuality "1"]
[TimeControl "40/5400+30:1800+30"]

1. e4 c5 2. Nf3 e6 3. d4 cxd4 4. Nxd4 Nc6 5. Nc3 Qc7 6. g4 a6 7. h4 b5 8. Nxc6 dxc6 9. Qf3 e5 10. Bg2 Bc5 11. Be3 Qb6 12. g5 Be6 13. Qg3 Bxe3 14. fxe3 Ne7 15. O-O-O h5 16. Bh3 Bxh3 17. Rxh3 Ng6 18. Qf3 Rd8 19. Rf1 Rd7 20. Ne2 Qa5 21. Kb1 O-O 22. Qxh5 Rfd8 23. Nc1 Rd2 24. Qf3 Qa4 25. b3 Qb4 26. Qxf7+ Kh7 27. h5 Nh8 28. Qf5+ Kg8 29. h6 1-0

[Event "EYCC Open-U16 2019"]
[Site "Bratislava"]
[Date "2019.08.07"]
[Round "6.21"]
[White "Alonso Garcia, Aaron"]
[Black "Iliaguev, Daniel"]
[Result "1-0"]
[ECO "B24"]
[WhiteElo "2248"]
[BlackElo "2053"]
[Annotator "NA"]
[PlyCount "53"]
[EventDate "2019.08.02"]
[EventType "swiss"]
[EventCountry "SVK"]
[SourceTitle "playchess.com"]
[Source "ChessBase"]
[SourceQuality "1"]
[TimeControl "40/5400+30:1800+30"]

1. e4 c5 2. Nc3 Nc6 3. g3 g6 4. Bg2 Rb8 5. d3 Bg7 6. Be3 d6 7. Qd2 b5 8. Nge2 b4 9. Nd1 a5 10. O-O e6 11. a3 Nge7 12. Bh6 O-O 13. Bxg7 Kxg7 14. Ne3 e5 15. f4 f5 16. exf5 Bxf5 17. fxe5 Nxe5 18. axb4 axb4 19. Ra7 Rf7 20. d4 cxd4 21. Nxd4 Qb6 22. Rfa1 Bd7 23. R1a6 Qd8 24. Rxd6 Qc8 25. Rdxd7 Nxd7 26. Ne6+ Kf6 27. Rxd7 1-0

[Event "EYCC Open-U16 2019"]
[Site "Bratislava"]
[Date "2019.08.07"]
[Round "6.22"]
[White "Haring, Filip"]
[Black "Silich, Yahor"]
[Result "1-0"]
[ECO "B35"]
[WhiteElo "2334"]
[BlackElo "2100"]
[Annotator "NA"]
[PlyCount "92"]
[EventDate "2019.08.02"]
[EventType "swiss"]
[EventCountry "SVK"]
[SourceTitle "playchess.com"]
[Source "ChessBase"]
[SourceQuality "1"]
[TimeControl "40/5400+30:1800+30"]

1. e4 c5 2. Nf3 Nc6 3. Nc3 g6 4. d4 cxd4 5. Nxd4 Bg7 6. Be3 Nf6 7. Bc4 O-O 8. Bb3 a5 9. O-O a4 10. Nxa4 Nxe4 11. Nb5 d5 12. c3 e6 13. f3 Nd6 14. Bb6 Qd7 15. Nc5 Qe7 16. Nxd6 Qxd6 17. Nd3 Re8 18. Bc5 Qc7 19. Bf2 Bd7 20. f4 Rad8 21. Qf3 Bc8 22. Ba4 Qa5 23. Bxc6 bxc6 24. b4 Qa3 25. Ne5 Ba6 26. Rfb1 Bb5 27. Rb3 Qa4 28. Bd4 f6 29. Ng4 e5 30. fxe5 fxe5 31. Bc5 Rf8 32. Bxf8 Rxf8 33. Qe3 Bc4 34. Rb2 d4 35. Qg3 Qa3 36. Rf2 Rxf2 37. Qxf2 Qxc3 38. Re1 d3 39. Qe3 h5 40. Nf2 Kh7 41. Rc1 Qxb4 42. Qe4 c5 43. Qxc4 d2 44. Rc3 e4 45. Qxb4 cxb4 46. Re3 Bf8 1-0

[Event "EYCC Open-U16 2019"]
[Site "Bratislava"]
[Date "2019.08.07"]
[Round "6.23"]
[White "Barak, David"]
[Black "Geher, Koppany"]
[Result "1/2-1/2"]
[ECO "D85"]
[WhiteElo "2015"]
[BlackElo "2211"]
[Annotator "NA"]
[PlyCount "79"]
[EventDate "2019.08.02"]
[EventType "swiss"]
[EventCountry "SVK"]
[SourceTitle "playchess.com"]
[Source "ChessBase"]
[SourceQuality "1"]
[TimeControl "40/5400+30:1800+30"]

1. d4 Nf6 2. c4 g6 3. Nc3 d5 4. cxd5 Nxd5 5. e4 Nxc3 6. bxc3 Bg7 7. Nf3 c5 8. Rb1 O-O 9. Be2 Bg4 10. O-O cxd4 11. cxd4 Bxf3 12. Bxf3 Bxd4 13. Rxb7 Nc6 14. Qa4 Qc8 15. Rb3 Qe6 16. e5 Rac8 17. Bxc6 Qxc6 18. Qxd4 Qxc1 19. Qxa7 Rfd8 20. Rb1 Qg5 21. Rbe1 Rd2 22. a4 e6 23. a5 Qd8 24. Ra1 Ra8 25. Qb6 Qd5 26. Qc7 Ra2 27. Rxa2 Qxa2 28. Rd1 Qxa5 29. Qxa5 Rxa5 30. f4 g5 31. fxg5 Rxe5 32. h4 Re4 33. g3 Re2 34. Rf1 h6 35. gxh6 f5 36. g4 fxg4 37. Rf4 Kh7 38. Rxg4 Kxh6 39. Kf1 Re5 40. Kf2 1/2-1/2

[Event "EYCC Open-U16 2019"]
[Site "Bratislava"]
[Date "2019.08.07"]
[Round "6.24"]
[White "Peyrer, Konstantin"]
[Black "Grutter, Tim"]
[Result "1-0"]
[ECO "A46"]
[WhiteElo "2305"]
[BlackElo "2091"]
[Annotator "NA"]
[PlyCount "111"]
[EventDate "2019.08.02"]
[EventType "swiss"]
[EventCountry "SVK"]
[SourceTitle "playchess.com"]
[Source "ChessBase"]
[SourceQuality "1"]
[TimeControl "40/5400+30:1800+30"]

1. d4 Nf6 2. Nf3 c5 3. c3 g6 4. Bf4 Bg7 5. e3 O-O 6. Nbd2 b6 7. Be2 d6 8. h3 Nbd7 9. O-O Bb7 10. Bh2 Rc8 11. Re1 Re8 12. Bf1 Ne4 13. Nxe4 Bxe4 14. Ba6 Rb8 15. a4 Bb7 16. Bxb7 Rxb7 17. Qb3 a6 18. e4 b5 19. Qd5 Qc8 20. a5 Nf6 21. Qa2 c4 22. Rac1 Nd7 23. b4 cxb3 24. Qxb3 Bh6 25. Rc2 Qc4 26. Qxc4 bxc4 27. g4 Rb5 28. Ra1 f6 29. Ra4 Rc8 30. h4 d5 31. exd5 Rxd5 32. Kg2 e5 33. dxe5 Nxe5 34. Bxe5 fxe5 35. g5 Bf8 36. Nd2 Rdc5 37. Ne4 Rb5 38. Rd2 Be7 39. Rd7 Kf8 40. Ra1 Rbb8 41. Ra4 Rc6 42. Ra7 Rb5 43. Ra1 Kf7 44. Rd1 Ke6 45. Rdd7 Bc5 46. Rab7 Rxa5 47. Rxh7 Rb5 48. Rbg7 Kd5 49. Kf3 Rb1 50. Rh8 Bb6 51. Re8 Rc7 52. Rxg6 Rf7+ 53. Rf6 Rd7 54. Re7 Rd8 55. Ree6 Bc7 56. Rc6 1-0

[Event "EYCC Open-U16 2019"]
[Site "Bratislava"]
[Date "2019.08.07"]
[Round "6.25"]
[White "Sismeiro, Miguel"]
[Black "Ongut, Tamas Gunes"]
[Result "0-1"]
[ECO "C77"]
[WhiteElo "2103"]
[BlackElo "2158"]
[Annotator "NA"]
[PlyCount "108"]
[EventDate "2019.08.02"]
[EventType "swiss"]
[EventCountry "SVK"]
[SourceTitle "playchess.com"]
[Source "ChessBase"]
[SourceQuality "1"]
[TimeControl "40/5400+30:1800+30"]

1. e4 e5 2. Nf3 Nc6 3. Bb5 a6 4. Ba4 Nf6 5. d3 Bc5 6. O-O b5 7. Bb3 d6 8. a3 h6 9. Nc3 Bg4 10. Be3 Nd4 11. Bxd4 exd4 12. Nd5 c6 13. h3 cxd5 14. hxg4 dxe4 15. dxe4 Nxg4 16. Bd5 Ra7 17. b4 Bb6 18. a4 bxa4 19. Rxa4 h5 20. Qa1 h4 21. Rxa6 Rxa6 22. Qxa6 h3 23. gxh3 Rxh3 24. Kg2 Rh6 25. Rh1 Rxh1 26. Kxh1 Nxf2+ 27. Kg2 Ng4 28. Qb7 Ne3+ 29. Kg3 Nxd5 30. Qxd5 Kf8 31. e5 dxe5 32. Qxd8+ Bxd8 33. Kg4 Ke7 34. Nxe5 Ke6 35. Nf3 Kd5 36. Kf4 Bc7+ 37. Kf5 Bd8 38. Kf4 g6 39. Ne1 Bc7+ 40. Kg5 Bd8+ 41. Kf4 f6 42. Nd3 Bc7+ 43. Kf3 Kc4 44. Ke2 Bd6 45. Kf3 Bxb4 46. Nf4 g5 47. Nh5 f5 48. Ng7 g4+ 49. Kg3 Be1+ 50. Kf4 g3 51. Kf3 f4 52. Ne6 Bd2 53. Nc7 Be3 54. Kg2 Kc3 0-1

[Event "EYCC Open-U16 2019"]
[Site "Bratislava"]
[Date "2019.08.07"]
[Round "6.26"]
[White "Svanda, Ondrej"]
[Black "Lomandong, Marc-Antoine"]
[Result "1-0"]
[ECO "B15"]
[WhiteElo "2234"]
[BlackElo "2073"]
[Annotator "NA"]
[PlyCount "81"]
[EventDate "2019.08.02"]
[EventType "swiss"]
[EventCountry "SVK"]
[SourceTitle "playchess.com"]
[Source "ChessBase"]
[SourceQuality "1"]
[TimeControl "40/5400+30:1800+30"]

1. e4 c6 2. d4 d5 3. Nc3 dxe4 4. Nxe4 Nf6 5. Nxf6+ exf6 6. c3 Bd6 7. Bd3 O-O 8. Ne2 Re8 9. O-O Qc7 10. Ng3 Nd7 11. Bd2 Nf8 12. Qf3 Bd7 13. Kh1 Bxg3 14. Qxg3 Qxg3 15. hxg3 Bg4 16. Rfe1 Bh5 17. Rxe8 Rxe8 18. Re1 Rxe1+ 19. Bxe1 Bg6 20. Bc4 Be4 21. a4 Ne6 22. Bb3 Bd5 23. Bc2 b5 24. axb5 cxb5 25. f3 b4 26. Bd3 bxc3 27. bxc3 Bb3 28. Bd2 a5 29. Bc1 a4 30. Ba3 g6 31. Kg1 f5 32. Kf2 f4 33. Bf1 fxg3+ 34. Ke3 f5 35. c4 Kf7 36. d5 Ng5 37. Kf4 h6 38. Ke5 h5 39. c5 h4 40. c6 h3 41. c7 1-0

[Event "EYCC Open-U16 2019"]
[Site "Bratislava"]
[Date "2019.08.07"]
[Round "6.27"]
[White "Bukatin, Arseny"]
[Black "Sjoberg, Isak"]
[Result "1-0"]
[ECO "B84"]
[WhiteElo "2016"]
[BlackElo "2182"]
[Annotator "NA"]
[PlyCount "91"]
[EventDate "2019.08.02"]
[EventType "swiss"]
[EventCountry "SVK"]
[SourceTitle "playchess.com"]
[Source "ChessBase"]
[SourceQuality "1"]
[TimeControl "40/5400+30:1800+30"]

1. e4 c5 2. Nf3 d6 3. d4 cxd4 4. Nxd4 Nf6 5. Nc3 a6 6. Be2 e6 7. Be3 Be7 8. O-O O-O 9. f4 Qc7 10. a4 Nc6 11. Bf3 Na5 12. Bf2 Bd7 13. Qe1 e5 14. Nf5 Bxf5 15. exf5 exf4 16. Qd2 d5 17. Nxd5 Nxd5 18. Qxd5 Rad8 19. Qe4 Bf6 20. Qb4 Nc6 21. Bb6 Qb8 22. Bxc6 bxc6 23. c3 Be7 24. Qa5 Rd5 25. Qxa6 Rxf5 26. Qa7 Qd6 27. Qc7 Qf6 28. Bd4 Qh4 29. Qxc6 Rh5 30. h3 Rg5 31. Rf3 Rg6 32. Qe4 Qg5 33. Rxf4 f5 34. Qd5+ Kh8 35. Raf1 h6 36. h4 Qg3 37. Qf3 Bxh4 38. Qxg3 Bxg3 39. Rxf5 Rxf5 40. Rxf5 Re6 41. a5 Re1+ 42. Rf1 Bh2+ 43. Kxh2 Rxf1 44. a6 Ra1 45. a7 Kh7 46. b4 1-0

[Event "EYCC Open-U16 2019"]
[Site "Bratislava"]
[Date "2019.08.07"]
[Round "6.28"]
[White "Gavrilin, Roman"]
[Black "Vitenberg, Noam Aviv"]
[Result "1-0"]
[ECO "B19"]
[WhiteElo "2131"]
[BlackElo "2300"]
[Annotator "NA"]
[PlyCount "111"]
[EventDate "2019.08.02"]
[EventType "swiss"]
[EventCountry "SVK"]
[SourceTitle "playchess.com"]
[Source "ChessBase"]
[SourceQuality "1"]
[TimeControl "40/5400+30:1800+30"]

1. e4 c6 2. d4 d5 3. Nc3 dxe4 4. Nxe4 Bf5 5. Ng3 Bg6 6. h4 h6 7. Nf3 Nd7 8. h5 Bh7 9. Bd3 Bxd3 10. Qxd3 e6 11. Bd2 Ngf6 12. O-O-O Be7 13. Ne4 Nxe4 14. Qxe4 Nf6 15. Qe2 Qd5 16. c4 Qe4 17. Qxe4 Nxe4 18. Be3 f5 19. Kc2 Bf6 20. Nd2 Nxd2 21. Rxd2 Kf7 22. g3 Rad8 23. Rhd1 a6 24. b3 Rd7 25. Rd3 Rhd8 26. a4 b5 27. axb5 axb5 28. c5 Ra8 29. Kc3 Bd8 30. Bf4 Ra2 31. Rf3 Ba5+ 32. Kd3 Bb4 33. Bd6 Rda7 34. g4 R7a3 35. gxf5 Rxb3+ 36. Ke4 Re2+ 37. Kf4 Rxf3+ 38. Kxf3 Ra2 39. Be5 exf5 40. Rg1 Ke6 41. Rg6+ Kd5 42. Bxg7 Be1 43. Rd6+ Kc4 44. Rxc6 Rxf2+ 45. Ke3 Rc2 46. Rb6 Ba5 47. Rb7 b4 48. c6 b3 49. c7 Bd2+ 50. Kf3 Kd5 51. Be5 b2 52. Rxb2 Rc3+ 53. Ke2 Be3 54. Rb3 Rxb3 55. c8=Q Ke4 56. Qc6# 1-0

[Event "EYCC Open-U16 2019"]
[Site "Bratislava"]
[Date "2019.08.07"]
[Round "6.29"]
[White "Bacrot, Alexandre"]
[Black "Kasioumis, Vasilios"]
[Result "0-1"]
[ECO "B40"]
[WhiteElo "2265"]
[BlackElo "2015"]
[Annotator "NA"]
[PlyCount "110"]
[EventDate "2019.08.02"]
[EventType "swiss"]
[EventCountry "SVK"]
[SourceTitle "playchess.com"]
[Source "ChessBase"]
[SourceQuality "1"]
[TimeControl "40/5400+30:1800+30"]

1. e4 c5 2. Nf3 e6 3. d3 Nc6 4. g3 d5 5. Nbd2 Nf6 6. Bg2 Be7 7. O-O b6 8. e5 Nd7 9. Re1 Bb7 10. c3 Qc7 11. Qe2 b5 12. Nf1 a5 13. h4 h6 14. Bf4 a4 15. N1h2 Qa5 16. Rac1 c4 17. dxc4 bxc4 18. a3 Nc5 19. Red1 Nd3 20. Rxd3 cxd3 21. Qxd3 Ba6 22. Qc2 Rc8 23. h5 Bc4 24. Nd2 Qb5 25. Nxc4 Qxc4 26. Qd2 Na5 27. Bf1 Qb3 28. Rc2 Nc4 29. Qc1 Rb8 30. Nf3 Bc5 31. Nd2 Nxd2 32. Rxd2 Ke7 33. Qe1 Rhd8 34. Be3 Qb6 35. Bxc5+ Qxc5 36. Qd1 Qc6 37. Qf3 Rb6 38. Qd3 Qc7 39. Re2 Qc4 40. Qe3 Rdb8 41. Rd2 Qc6 42. Qe2 Kf8 43. Qd3 Kg8 44. Qe2 Qb7 45. Rd4 Rxb2 46. Qe3 Rb1 47. Kg2 Ra1 48. Bd3 Qb3 49. Qf3 Qxa3 50. Bc2 Qc1 51. Rd1 Qxc2 52. Rxa1 Rb1 53. Rxb1 Qxb1 54. c4 Qe4 55. c5 Kf8 0-1

[Event "EYCC Open-U16 2019"]
[Site "Bratislava"]
[Date "2019.08.07"]
[Round "6.31"]
[White "Neiman, Maks"]
[Black "Carlsson, Ludvig"]
[Result "1/2-1/2"]
[ECO "A40"]
[WhiteElo "1971"]
[BlackElo "2218"]
[Annotator "NA"]
[PlyCount "30"]
[EventDate "2019.08.02"]
[EventType "swiss"]
[EventCountry "SVK"]
[SourceTitle "playchess.com"]
[Source "ChessBase"]
[SourceQuality "1"]
[TimeControl "40/5400+30:1800+30"]

1. d4 g6 2. Nf3 Bg7 3. Bf4 d6 4. e3 Nd7 5. h3 e5 6. Bh2 Nh6 7. Be2 O-O 8. O-O Qe7 9. c4 f5 10. Nc3 Nf7 11. Qc2 c6 12. b4 Ng5 13. Rfd1 Nxf3+ 14. Bxf3 g5 15. b5 e4 1/2-1/2

[Event "EYCC Open-U16 2019"]
[Site "Bratislava"]
[Date "2019.08.07"]
[Round "6.32"]
[White "Fuglestein, Sander"]
[Black "Ivanovic, Marko"]
[Result "0-1"]
[ECO "D70"]
[WhiteElo "1997"]
[BlackElo "2267"]
[Annotator "NA"]
[PlyCount "82"]
[EventDate "2019.08.02"]
[EventType "swiss"]
[EventCountry "SVK"]
[SourceTitle "playchess.com"]
[Source "ChessBase"]
[SourceQuality "1"]
[TimeControl "40/5400+30:1800+30"]

1. d4 Nf6 2. c4 g6 3. Nf3 Bg7 4. g3 c5 5. Bg2 d6 6. O-O Nc6 7. d5 Na5 8. Nfd2 a6 9. Nc3 O-O 10. Qc2 Bd7 11. b3 b5 12. Bb2 Rb8 13. Rab1 Qc7 14. h3 Rb6 15. e4 Rfb8 16. Nd1 bxc4 17. bxc4 Qb7 18. Qc3 Rb4 19. e5 Ne8 20. f4 Bf5 21. Rc1 dxe5 22. Qa3 Rxb2 23. Nxb2 Qxb2 24. Qxa5 exf4 25. Kh1 fxg3 26. Nf3 Nd6 27. Qxc5 Bf6 28. Qe3 Ne4 29. c5 Qxa2 30. c6 Rb2 31. Ne1 Bg5 32. Qd4 Nf2+ 33. Kg1 Bxc1 34. c7 Nxh3+ 35. Bxh3 Bxh3 36. Qc5 Rg2+ 37. Kh1 Rh2+ 38. Kg1 Qe2 39. c8=Q+ Bxc8 40. Qxc8+ Kg7 41. Qxc1 Rh1+ 0-1

[Event "EYCC Open-U16 2019"]
[Site "Bratislava"]
[Date "2019.08.07"]
[Round "6.33"]
[White "Bin-Suhayl, Ieysaa"]
[Black "Stremavicius, Pijus"]
[Result "1/2-1/2"]
[ECO "A05"]
[WhiteElo "2084"]
[BlackElo "2071"]
[Annotator "NA"]
[PlyCount "118"]
[EventDate "2019.08.02"]
[EventType "swiss"]
[EventCountry "SVK"]
[SourceTitle "playchess.com"]
[Source "ChessBase"]
[SourceQuality "1"]
[TimeControl "40/5400+30:1800+30"]

1. Nf3 Nf6 2. c4 e6 3. g3 b6 4. Bg2 Bb7 5. O-O g6 6. d4 Bg7 7. Nc3 Ne4 8. Qd3 Nxc3 9. bxc3 O-O 10. e4 Nc6 11. e5 d6 12. exd6 cxd6 13. Rd1 Na5 14. Nd2 Bxg2 15. Kxg2 Rc8 16. Ba3 Qc7 17. c5 dxc5 18. dxc5 Rfd8 19. Qf3 bxc5 20. Ne4 Nb7 21. Rxd8+ Qxd8 22. Rb1 Na5 23. Nxc5 Nc4 24. Rb7 Qd5 25. Qxd5 exd5 26. Bc1 Bxc3 27. Na4 Bg7 28. Rxa7 h6 29. h4 d4 30. Bf4 d3 31. Rd7 Ra8 32. Nc5 Rxa2 33. Nxd3 Ra8 34. Nc5 Rc8 35. Nb7 Nb6 36. Rd6 Nc4 37. Rd1 h5 38. Rd5 Bf8 39. Rd8 Rxd8 40. Nxd8 Nb6 41. Nc6 Nd5 42. Bg5 f6 43. Bd2 Kf7 44. Nd4 Bc5 45. Ne2 Ke6 46. f3 Kf5 47. Kh3 g5 48. g4+ Kg6 49. gxh5+ Kxh5 50. Ng3+ Kg6 51. h5+ Kh6 52. Kg4 Ne7 53. Bc1 Bd6 54. Nf5+ Nxf5 55. Kxf5 Kxh5 56. Bb2 Be5 57. Bxe5 fxe5 58. Kxe5 g4 59. fxg4+ Kxg4 1/2-1/2

[Event "EYCC Open-U16 2019"]
[Site "Bratislava"]
[Date "2019.08.07"]
[Round "6.34"]
[White "Koziorowicz, Michal"]
[Black "Fernandez Garcia, Gumersindo"]
[Result "0-1"]
[ECO "B39"]
[WhiteElo "1985"]
[BlackElo "2011"]
[Annotator "NA"]
[PlyCount "82"]
[EventDate "2019.08.02"]
[EventType "swiss"]
[EventCountry "SVK"]
[SourceTitle "playchess.com"]
[Source "ChessBase"]
[SourceQuality "1"]
[TimeControl "40/5400+30:1800+30"]

1. e4 c5 2. Nf3 g6 3. d4 cxd4 4. Nxd4 Bg7 5. c4 Nc6 6. Be3 Nf6 7. Nc3 Ng4 8. Qxg4 Nxd4 9. Qd1 Ne6 10. Be2 Bxc3+ 11. bxc3 Qa5 12. Qd2 b6 13. O-O Bb7 14. f3 d6 15. Rab1 O-O 16. Rb4 Bc6 17. Bd3 Nc5 18. Bb1 Qa6 19. Bh6 Rfe8 20. Qd4 Ne6 21. Qe3 Qa5 22. Kh1 Qh5 23. g4 Qh4 24. g5 Qf4 25. Qf2 Nc5 26. Rb2 Rac8 27. Qe1 Bd7 28. Re2 Be6 29. Rff2 Bxc4 30. Re3 Rcd8 31. Rd2 Ne6 32. Rg2 Qe5 33. Rg4 b5 34. Qf2 Nf4 35. Qh4 Qc5 36. Qe1 e5 37. h4 Rb8 38. Qc1 b4 39. h5 Ne2 40. Rxe2 Bxe2 41. Rg3 Qf2 0-1

[Event "EYCC Open-U16 2019"]
[Site "Bratislava"]
[Date "2019.08.07"]
[Round "6.35"]
[White "Ghachava, Akaki"]
[Black "Marn, Jan"]
[Result "0-1"]
[ECO "C85"]
[WhiteElo "1777"]
[BlackElo "2215"]
[Annotator "NA"]
[PlyCount "96"]
[EventDate "2019.08.02"]
[EventType "swiss"]
[EventCountry "SVK"]
[SourceTitle "playchess.com"]
[Source "ChessBase"]
[SourceQuality "1"]
[TimeControl "40/5400+30:1800+30"]

1. e4 e5 2. Nf3 Nc6 3. Bb5 a6 4. Ba4 Nf6 5. O-O Be7 6. Bxc6 dxc6 7. d3 Nd7 8. Nbd2 O-O 9. Nc4 f6 10. Nh4 Nc5 11. Ne3 g6 12. Nf3 Ne6 13. c3 c5 14. Nc2 b5 15. d4 cxd4 16. cxd4 exd4 17. Ncxd4 c5 18. Nc6 Qd6 19. Qxd6 Bxd6 20. Rd1 Bc7 21. Ne7+ Kf7 22. Nxc8 Raxc8 23. Rd7+ Kg8 24. Be3 Rcd8 25. Rad1 Rxd7 26. Rxd7 Rd8 27. Rd5 f5 28. Rxd8+ Bxd8 29. exf5 gxf5 30. Kf1 Bf6 31. b3 Kf7 32. Ke2 Ke7 33. Kd3 Kd6 34. Nd2 Kd5 35. f3 h5 36. g3 Nd8 37. a4 Nc6 38. axb5 axb5 39. h3 c4+ 40. bxc4+ bxc4+ 41. Ke2 c3 42. Nb3 Kc4 43. Nc1 Be5 44. g4 f4 45. Bf2 hxg4 46. fxg4 c2 47. Nd3 Bc3 48. Be3 f3+ 0-1

[Event "EYCC Open-U16 2019"]
[Site "Bratislava"]
[Date "2019.08.07"]
[Round "6.36"]
[White "Jirousek, Jan"]
[Black "Stankovic, Milos M"]
[Result "1/2-1/2"]
[ECO "B00"]
[WhiteElo "1924"]
[BlackElo "2270"]
[Annotator "NA"]
[PlyCount "50"]
[EventDate "2019.08.02"]
[EventType "swiss"]
[EventCountry "SVK"]
[SourceTitle "playchess.com"]
[Source "ChessBase"]
[SourceQuality "1"]
[TimeControl "40/5400+30:1800+30"]

1. e4 d6 2. d4 e5 3. dxe5 dxe5 4. Qxd8+ Kxd8 5. Nf3 f6 6. Be3 Be6 7. Nbd2 Nd7 8. Bc4 Bxc4 9. Nxc4 Bc5 10. Bxc5 Nxc5 11. O-O-O+ Ke7 12. Rhe1 Nh6 13. h3 Rhd8 14. Rxd8 Rxd8 15. Nfd2 Ne6 16. f3 c6 17. Nb3 b6 18. Rd1 Rxd1+ 19. Kxd1 Nf4 20. Ne3 g6 21. Nc1 f5 22. Nd3 Nxd3 23. cxd3 f4 24. Nc2 c5 25. Kd2 Nf7 1/2-1/2

[Event "EYCC Open-U16 2019"]
[Site "Bratislava"]
[Date "2019.08.07"]
[Round "6.37"]
[White "Turcan, Richard"]
[Black "Sanger, Jake M"]
[Result "1-0"]
[ECO "C06"]
[WhiteElo "2232"]
[BlackElo "1867"]
[Annotator "NA"]
[PlyCount "51"]
[EventDate "2019.08.02"]
[EventType "swiss"]
[EventCountry "SVK"]
[SourceTitle "playchess.com"]
[Source "ChessBase"]
[SourceQuality "1"]
[TimeControl "40/5400+30:1800+30"]

1. e4 e6 2. d4 d5 3. Nd2 Nf6 4. e5 Nfd7 5. Bd3 c5 6. c3 Nc6 7. Ne2 cxd4 8. cxd4 f6 9. exf6 Nxf6 10. Nf3 Bd6 11. O-O Qc7 12. Bg5 O-O 13. Bh4 Nh5 14. Qc2 Rxf3 15. Bxh7+ Kh8 16. gxf3 Bxh2+ 17. Kh1 Nf4 18. Ng3 Bxg3 19. fxg3 g5 20. Bxg5 Nh5 21. Bg6 Nxg3+ 22. Kg2 Nxf1 23. Bf6+ Kg8 24. Rxf1 Qf4 25. Bh7+ Kf8 26. Qg6 1-0

[Event "EYCC Open-U16 2019"]
[Site "Bratislava"]
[Date "2019.08.07"]
[Round "6.38"]
[White "Vadila, Ondrej"]
[Black "Bettalli, Francesco"]
[Result "0-1"]
[ECO "A45"]
[WhiteElo "2048"]
[BlackElo "2095"]
[Annotator "NA"]
[PlyCount "76"]
[EventDate "2019.08.02"]
[EventType "swiss"]
[EventCountry "SVK"]
[SourceTitle "playchess.com"]
[Source "ChessBase"]
[SourceQuality "1"]
[TimeControl "40/5400+30:1800+30"]

1. d4 Nf6 2. Bf4 d5 3. e3 c5 4. c3 e6 5. Nd2 Nc6 6. Ngf3 Bd6 7. Bg3 Qe7 8. Ne5 Nd7 9. f4 O-O 10. Bd3 f6 11. Qh5 g6 12. Bxg6 hxg6 13. Nxg6 Qg7 14. Nxf8 Nxf8 15. O-O-O Bd7 16. Qf3 Be8 17. dxc5 Bxc5 18. e4 Rd8 19. Nb3 dxe4 20. Qxe4 Bg6 21. Qe2 Bb6 22. Rxd8 Nxd8 23. Bf2 Bc7 24. Bg3 Nc6 25. Rd1 e5 26. fxe5 Nxe5 27. Qe3 Bb6 28. Nd4 Ne6 29. Qd2 Nd3+ 30. Kc2 Nxd4+ 31. cxd4 Qd7 32. Qc3 Nf2+ 33. Kc1 Nxd1 34. Qb3+ Kg7 35. Qxd1 Qc6+ 36. Kd2 Ba5+ 37. Ke3 Qe4+ 38. Kf2 Bb6 0-1

[Event "EYCC Open-U16 2019"]
[Site "Bratislava"]
[Date "2019.08.07"]
[Round "6.39"]
[White "Novotny, Martin"]
[Black "Sandor, Martin"]
[Result "1-0"]
[ECO "D41"]
[WhiteElo "2178"]
[BlackElo "2035"]
[Annotator "NA"]
[PlyCount "59"]
[EventDate "2019.08.02"]
[EventType "swiss"]
[EventCountry "SVK"]
[SourceTitle "playchess.com"]
[Source "ChessBase"]
[SourceQuality "1"]
[TimeControl "40/5400+30:1800+30"]

1. d4 d5 2. c4 e6 3. Nf3 Nf6 4. Nc3 c5 5. cxd5 Nxd5 6. e4 Nxc3 7. bxc3 cxd4 8. cxd4 Bb4+ 9. Bd2 Bxd2+ 10. Qxd2 O-O 11. Bc4 Nd7 12. O-O b6 13. Rfe1 Bb7 14. Rad1 Rc8 15. Bb3 Qf6 16. d5 Nc5 17. Bc2 exd5 18. e5 Qe7 19. Nd4 Ne4 20. Qf4 Qg5 21. Rxe4 Qxf4 22. Rxf4 Rfe8 23. Rf3 Rxe5 24. Re3 f6 25. Bb3 Kf7 26. h3 a6 27. Nf3 Rxe3 28. fxe3 Rc3 29. Kf2 Ke7 30. Nd4 1-0

[Event "EYCC Open-U16 2019"]
[Site "Bratislava"]
[Date "2019.08.07"]
[Round "6.40"]
[White "Zetocha, Adrian"]
[Black "Palczert, Botond"]
[Result "0-1"]
[ECO "D80"]
[WhiteElo "2193"]
[BlackElo "2022"]
[Annotator "NA"]
[PlyCount "62"]
[EventDate "2019.08.02"]
[EventType "swiss"]
[EventCountry "SVK"]
[SourceTitle "playchess.com"]
[Source "ChessBase"]
[SourceQuality "1"]
[TimeControl "40/5400+30:1800+30"]

1. d4 Nf6 2. c4 g6 3. Nc3 d5 4. Bg5 Ne4 5. Bh4 Nxc3 6. bxc3 dxc4 7. e3 Be6 8. Nf3 Bg7 9. Qb1 b6 10. Ng5 Bd5 11. e4 h6 12. exd5 hxg5 13. Qb5+ Qd7 14. Qxd7+ Nxd7 15. Bxg5 b5 16. a4 b4 17. Bxc4 bxc3 18. O-O-O Rb8 19. Rd3 Rb2 20. Rxc3 Rxf2 21. d6 cxd6 22. Ba6 O-O 23. Rc7 Nb6 24. Rxa7 Nxa4 25. Rd1 Nc3 26. Rd3 Ne2+ 27. Kd1 Nxd4 28. Be3 Rf1+ 29. Kd2 Nf5 30. Rxd6 Ra1 31. Rd3 Ra2+ 0-1

[Event "EYCC Open-U16 2019"]
[Site "Bratislava"]
[Date "2019.08.07"]
[Round "6.41"]
[White "Gzib, David"]
[Black "Mica, Marek"]
[Result "1/2-1/2"]
[ECO "B31"]
[WhiteElo "2021"]
[BlackElo "2222"]
[Annotator "NA"]
[PlyCount "115"]
[EventDate "2019.08.02"]
[EventType "swiss"]
[EventCountry "SVK"]
[SourceTitle "playchess.com"]
[Source "ChessBase"]
[SourceQuality "1"]
[TimeControl "40/5400+30:1800+30"]

1. e4 c5 2. Nf3 Nc6 3. Bb5 g6 4. c3 Bg7 5. O-O e5 6. d3 Nge7 7. Nbd2 O-O 8. Re1 d6 9. Nf1 a6 10. Ba4 b5 11. Bb3 Na5 12. Bc2 Bg4 13. Ne3 Bxf3 14. Qxf3 Qd7 15. Ng4 f5 16. Nh6+ Kh8 17. Qh3 Rad8 18. Bg5 Bf6 19. Qh4 Bxg5 20. Qxg5 f4 21. b4 cxb4 22. cxb4 Nac6 23. Bb3 Kg7 24. Rac1 Nd4 25. f3 Nec6 26. Ng4 Rde8 27. h4 Qe7 28. Qh6+ Kh8 29. h5 gxh5 30. Qxh5 Nxb4 31. Rc3 Rc8 32. Rxc8 Rxc8 33. Nh6 Nxb3 34. axb3 Rf8 35. Nf5 Qa7+ 36. Kh2 Qf7 37. Qxf7 Rxf7 38. Rc1 h5 39. Rc8+ Kh7 40. Nxd6 Rd7 41. Nf5 Rxd3 42. Rc5 Rxb3 43. Rxe5 Nc2 44. Re6 Rb2 45. Rxa6 Ne1 46. Rh6+ Kg8 47. Rxh5 Rxg2+ 48. Kh3 Rg1 49. Nd4 Rg3+ 50. Kh2 b4 51. Rb5 Nxf3+ 52. Nxf3 Rxf3 53. Rxb4 Re3 54. Kg2 Kf7 55. e5 f3+ 56. Kf2 Ra3 57. Rf4+ Ke6 58. Rxf3 1/2-1/2

[Event "EYCC Open-U16 2019"]
[Site "Bratislava"]
[Date "2019.08.07"]
[Round "6.42"]
[White "Martin Barcelo, Carles"]
[Black "Pobor, Milo"]
[Result "1/2-1/2"]
[ECO "B40"]
[WhiteElo "2012"]
[BlackElo "2067"]
[Annotator "NA"]
[PlyCount "62"]
[EventDate "2019.08.02"]
[EventType "swiss"]
[EventCountry "SVK"]
[SourceTitle "playchess.com"]
[Source "ChessBase"]
[SourceQuality "1"]
[TimeControl "40/5400+30:1800+30"]

1. e4 c5 2. Nf3 e6 3. b3 b6 4. Bd3 Bb7 5. O-O Ne7 6. e5 Ng6 7. Re1 d6 8. Bb2 dxe5 9. Nxe5 Bd6 10. Nf3 Nd7 11. Nc3 O-O 12. Be4 Bxe4 13. Nxe4 Be7 14. d3 Nf6 15. Nfd2 Nd5 16. Nc4 Re8 17. Ne3 f5 18. Nd2 Bf6 19. Bxf6 Qxf6 20. g3 Rad8 21. Qf3 Nb4 22. a3 Ne5 23. Qg2 Nd5 24. Nec4 Nc6 25. f4 e5 26. fxe5 Nxe5 27. Nxe5 Rxe5 28. Nc4 Re7 29. Qf2 b5 30. Nd2 Ne3 31. Nf1 Nxf1 1/2-1/2